 Dungeon Crawl Stone Soup version 0.29-a0-321-gf1c400731a (webtiles) character file.

Game seed: 15794220554044994243

1683 Dabor the Skirmisher (level 9, -1/63 (78) HPs)
             Began as a Hill Orc Fighter on Apr 5, 2022.
             Slain by a wight
             ... wielding a +5 halberd
              (5 damage)
             ... on level 7 of the Dungeon.
             The game lasted 00:08:11 (5751 turns).

Dabor the Skirmisher (Hill Orc Fighter)             Turns: 5751, Time: 00:08:12

HP:   -1/63 (78)    AC: 15    Str: 23    XL:     9   Next: 2%
MP:   9/9           EV:  7    Int:  8    God:
Gold: 480           SH:  5    Dex: 10    Spells: 8/8 levels left

rFire   . . .      SeeInvis .   a - +0 war axe
rCold   . . .      Faith    .   c - +0 buckler
rNeg    . . .      Spirit   .   t - +0 plate armour
rPois   +          Reflect  .   q - +0 helmet
rElec   .          Harm     .   (no cloak)
rCorr   .          Rampage  .   p - +0 pair of gloves
Will    .....                   (no boots)
Stlth   ..........              C - amulet of regeneration
HPRegen 1.00/turn               s - ring of poison resistance
MPRegen 0.11/turn               (no ring)

@: hasted, heavily drained, very quick
A: no striking features
a: no special abilities


You were on level 7 of the Dungeon.
You visited 1 branch of the dungeon, and saw 7 of its levels.
You also visited: Sewer.

You collected 480 gold pieces.

Inventory:

Hand Weapons
 a - a +0 war axe (weapon)
Missiles
 k - 36 poisoned darts (quivered)
Armour
 b - a +0 scale mail
 c - a +0 buckler (worn)
 p - a +0 pair of gloves (worn)
 q - a +0 helmet (worn)
 t - a +0 plate armour (worn)
Jewellery
 s - a ring of poison resistance (left hand)
 C - an amulet of regeneration (around neck)
Wands
 B - a wand of digging (7)
Scrolls
 d - a scroll of summoning {unknown}
 l - a scroll of amnesia {unknown}
 m - 4 scrolls of teleportation {unknown}
 n - 2 scrolls of vulnerability
 o - 2 scrolls of magic mapping {unknown}
 r - 7 scrolls of identify {unknown}
 v - a scroll of enchant weapon {unknown}
 w - a scroll of brand weapon {unknown}
 x - a scroll of noise {unknown}
 y - 2 scrolls of blinking {unknown}
Potions
 e - 2 potions of brilliance
 f - 2 potions of degeneration
 h - a potion of flight
 u - 2 potions of haste
 z - 2 potions of mutation {unknown}
 A - 2 potions of heal wounds {unknown}
 D - 2 potions of ambrosia {unknown}
 E - a potion of resistance {unknown}
 F - 2 potions of might
 H - a potion of magic {unknown}
Miscellaneous
 G - a phantom mirror


   Skills:
 + Level 6.9 Fighting
 + Level 6.9 Axes
 + Level 6.2 Armour
 + Level 3.8 Dodging
 + Level 6.4 Shields
 + Level 1.4 Evocations


You had 8 spell levels left.
You didn't know any spells.
Your spell library contained the following spells:

 Spells                   Type           Power      Damage    Failure   Level
 Apportation              Tloc           0%         N/A       100%        1
 Summon Small Mammal      Summ           0%         N/A       100%        1
 Blink                    Tloc           0%         N/A       100%        2
 Call Canine Familiar     Summ           0%         N/A       100%        3
 Summon Guardian Golem    Hex/Summ       0%         N/A       100%        3
 Passage of Golubria      Tloc           0%         N/A       100%        4
 Alistair's Intoxication  Tmut/Pois      0%         N/A       100%        5
 Borgnjor's Vile Clutch   Necr/Erth      0%         N/A       100%        5
 Silence                  Hex/Air        0%         N/A       100%        5
 Eringya's Noxious Bog    Tmut/Pois      0%         N/A       100%        6
 Lehudib's Crystal Spear  Conj/Erth      0%         10d2      100%        8


Dungeon Overview and Level Annotations

Branches:
Dungeon (7/15)             Temple (0/1) D:6           Sewer (visited)

Altars:
Sif Muna


Message History

The wight is almost destroyed.
You hit the wight. The wight hits you with a +5 halberd!
You feel drained.
The wight hits you with a +4 great sword.
You are too injured to fight recklessly!
You are too injured to fight recklessly!
You are too injured to fight recklessly!
You are too injured to fight recklessly!
You are too injured to fight recklessly!
You barely miss the wight.
The wight is almost destroyed.
You slash the wight! The wight hits you with a +5 halberd.
You feel drained.
The wight hits you with a +4 great sword!
* * * LOW HITPOINT WARNING * * *
You feel drained.
* * * LOW HITPOINT WARNING * * *
You feel better. The wight barely misses you.
The wight hits you but does no damage.
You feel yourself speed up. The wight hits you but does no damage.
The wight hits you with a +4 great sword!
* * * LOW HITPOINT WARNING * * *
You feel drained.
* * * LOW HITPOINT WARNING * * *
You feel better. The wight hits you but does no damage.
The wight hits you with a +4 great sword.
* * * LOW HITPOINT WARNING * * *
You feel drained.
You feel better. The wight hits you with a +5 halberd!
* * * LOW HITPOINT WARNING * * *
The wight hits you but does no damage.
Okay, then.
As you read the scroll labelled KUJU GOIRUNA, it crumbles to dust.
You assume a fearsome visage.
The wight is unaffected. x2
It was a scroll of fear.
The wight hits you with a +5 halberd!
* * * LOW HITPOINT WARNING * * *
You feel drained.
* * * LOW HITPOINT WARNING * * *
As you read the scroll labelled OVVOSCH OKUQIMA, it crumbles to dust.
The creatures around you are filled with an inner flame!
It was a scroll of immolation.
The wight hits you with a +5 halberd.
You die...

.# .# .#
.# .# .#
##.####
#zz...###
#@.......
#.....###
#.....#
#<....#
#.....#
#.....#
#######


You could see 2 wights.

Vanquished Creatures
  Grinder (Sewer)
  2 water moccasins
  2 ice beasts (D:5)
  A black bear (D:4)
  An ogre (D:5)
  2 kobold brigands (Sewer)
  A bullfrog (D:6)
  A necrophage (D:5)
  A scorpion (D:4)
  3 wights (D:7)
  A quasit (Sewer)
  2 jellies (D:5)
  2 hounds
  Jessica (D:3)
  3 iguanas
  6 adders
  2 shadow imps (Sewer)
  3 ufetubi (Sewer)
  3 worms (D:2)
  2 dart slugs (D:1)
  7 orcs
  2 endoplasms
  2 giant cockroaches (D:6)
  9 goblins
  8 hobgoblins
  4 jackals (D:1)
  9 quokkas
  10 ball pythons
  6 bats
  3 frilled lizards
  12 kobolds
  A kobold zombie (Sewer)
  7 rats
120 creatures vanquished.

Vanquished Creatures (others)
  2 endoplasms (Sewer)
  A bat (Sewer)
  A kobold zombie (Sewer)
4 creatures vanquished.

Grand Total: 124 creatures vanquished

Notes
Turn   | Place    | Note
-------+----------+-------------------------------------------
     0 | D:1      | Dabor the Hill Orc Fighter began the quest for the Orb.
     0 | D:1      | Reached XP level 1. HP: 19/19 MP: 1/1
   307 | D:1      | Reached XP level 2. HP: 27/27 MP: 2/2
   808 | D:1      | Reached XP level 3. HP: 33/33 MP: 3/3
  1144 | D:1      | You fall into a shaft and drop 1 floor!
  1144 | D:2      | Found a faded altar of an unknown god.
  1181 | D:2      | Reached skill level 1 in Dodging
  1507 | D:2      | Reached XP level 4. HP: 35/40 MP: 4/4
  2099 | D:3      | Found a shimmering blue altar of Sif Muna.
  2234 | D:3      | Reached XP level 5. HP: 42/47 MP: 5/5
  2586 | D:3      | Noticed Jessica
  2593 | D:3      | Killed Jessica
  2606 | D:3      | Got Jessica's Compendium of Translocation
  3167 | D:4      | Reached XP level 6. HP: 31/53 MP: 6/6
  3442 | D:4      | Noticed a black bear
  3450 | D:4      | Killed a black bear
  3451 | D:4      | Reached skill level 5 in Fighting
  3488 | D:5      | Entered Level 5 of the Dungeon
  3490 | D:5      | Noticed a water moccasin
  3497 | D:5      | Killed a water moccasin
  3498 | D:5      | Reached XP level 7. HP: 50/61 MP: 7/7
  3566 | D:5      | Reached skill level 5 in Axes
  3574 | D:5      | Reached skill level 5 in Armour
  3574 | D:5      | Reached skill level 5 in Shields
  4025 | D:5      | Reached XP level 8. HP: 32/70 MP: 8/8
  4642 | D:6      | Found a staircase to the Ecumenical Temple.
  4756 | D:6      | Found a glowing drain.
  4765 | Sewer    | Entered a sewer
  4865 | Sewer    | Noticed Grinder
  4866 | Sewer    | Found a burning altar of Makhleb.
  4869 | Sewer    | Paralysed by Grinder for 3 turns
  4901 | Sewer    | Killed Grinder
  5727 | D:7      | Reached skill level 1 in Evocations
  5734 | D:7      | Reached XP level 9. HP: 53/78 MP: 9/9
  5750 | D:7      | HP: 3/63 [wight/+5 halberd (3)]
  5751 | D:7      | Slain by a wight

Illustrated notes

Levels and vault maps discovered:
D:1:      minmay_arrival_split_and_join, layout_basic
D:2:      layout_rooms, ebering_ecumenical_altar_box, hex_large
D:3:      layout_loops_corners, led_sif_book, palyth_stone_intersect,
          kennysheep_jessica_study
D:4:      layout_rooms, nicolae_underground_beach
D:5:      layout_cave_pools, minmay_bent
D:6:      nicolae_cairo_tiling_very_big, layout_basic, gup_sewer_entry_bubbles
D:7:      layout_rooms, old_standard_altar, pdpol_wu_jian_five_deadly_venoms,
          enter_bailey_3, hangedman_decor_growths

Skill      XL: |  1  2  3  4  5  6  7  8 |
---------------+-------------------------+-----
Axes           | 3 4 5 6 |  6.9
Fighting       | 4 5 6 |  6.9
Dodging        | 1 2 3 |  3.8
Armour         | 4 5 6 |  6.2
Shields        | 4 5 6 |  6.4
Evocations     | 1 |  1.4

Action                   |  1- 3 |  4- 6 |  7- 9 || total
-------------------------+-------+-------+-------++-------
Melee: War axe           |   104 |   102 |   209 ||   415
Throw: Dart              |       |     4 |     1 ||     5
  Use: Scroll            |       |     1 |     2 ||     3
       Potion            |       |     4 |     9 ||    13
Armor: Scale mail        |    44 |     2 |       ||    46
       Plate armour      |       |    59 |   152 ||   211
Dodge: Dodged            |    52 |    35 |    79 ||   166
Block: Buckler           |    28 |    20 |    44 ||    92

Table legend: (Time is in decaauts)
 A = Elapsed time spent in this place.
 B = Non-inter-level travel time spent in this place.
 C = Inter-level travel time spent in this place.
 D = Time resting spent in this place.
 E = Time spent auto-exploring this place.
 F = Levels seen in this place.
 G = Mean time per level.
                   A        B        C        D        E       F      G
               +--------+--------+--------+--------+--------+-----+--------+
         Total |   5886 |   5759 |    127 |    256 |   4157 |   8 |  735.8 |
       Dungeon |   5551 |   5424 |    127 |    256 |   4043 |   7 |  793.0 |
         Sewer |    334 |    334 |      0 |      0 |    113 |   1 |  334.0 |
               +--------+--------+--------+--------+--------+-----+--------+

Top non-repeatable levels by time:
     D:1: 1429 daAuts
     D:3: 989 daAuts
     D:5: 892 daAuts
     D:6: 841 daAuts
     D:4: 730 daAuts
     D:2: 632 daAuts
   Sewer: 334 daAuts
     D:7: 36 daAuts
